 Dungeon Crawl Stone Soup version 0.26-a0-712-ga5a9c9c9d0 (webtiles) character file.

Game seed: 11892943040557349865

101 kae the Insei (level 4, 0/29 HPs)
             Began as an Octopode Transmuter on Nov 6, 2020.
             Slain by Crazy Yiuf
             ... wielding a +2 quarterstaff of chaos
              (2 damage)
             ... while petrified by Crazy Yiuf
             ... on level 2 of the Dungeon.
             The game lasted 00:01:02 (2421 turns).

kae the Insei (Octopode Transmuter)                 Turns: 2421, Time: 00:01:03

Health: 0/29       AC:  2    Str: 10    XL:     4   Next: 75%
Magic:  4/7        EV:  5    Int: 15    God:
Gold:   106        SH:  0    Dex: 17    Spells: 3/7 levels left

rFire    . . .     SeeInvis .     - Unarmed
rCold    . . .     Faith    .   (shield currently unavailable)
rNeg     + + +     Spirit   .   (helmet currently unavailable)
rPois    ∞         Reflect  .   (no amulet)
rElec    .         Harm     .   (no ring)
rCorr    .         Rampage  .   (no ring)
MR       .....                  (no ring)
Stlth    ++........             (no ring)
HPRegen  0.09/turn              (no ring)
MPRegen  0.10/turn              (no ring)
                                (no ring)
                                (no ring)

@: spider-form (expiring), petrified
A: tiny, almost no armour, stealthy swim, (amphibious), 8 rings, (constrict 8)
a: End Transformation


You were on level 2 of the Dungeon.
You were a venomous arachnid creature.
You visited 1 branch of the dungeon, and saw 2 of its levels.

You collected 106 gold pieces.

Inventory:

Jewellery
 e - an uncursed ring of ice {unknown}
Scrolls
 a - a scroll of remove curse
Potions
 b - a potion of might {unknown}
 c - 2 potions of curing
 d - a potion of stabbing {unknown}


   Skills:
 + Level 1.8 Fighting
 + Level 2.3 Dodging
 * Level 3.8 Unarmed Combat
 + Level 2.4 Spellcasting
 * Level 3.0 Transmutations


You had 3 spell levels left.
You knew the following spells:

 Your Spells              Type           Power        Failure   Level
a - Beastly Appendage     Tmut           ##....       17%         1
b - Spider Form           Tmut/Pois      #.........   56%         3

Your spell library contained the following spells:

 Spells                   Type           Power        Failure   Level
 Wereblood                Tmut           ##......     22%         2
 Ice Form                 Ice/Tmut       #.......     89%         4
 Blade Hands              Tmut           ##........   95%         5


Dungeon Overview and Level Annotations

Branches:
Dungeon (2/15)

Altars:

Annotations:
D:2 Crazy Yiuf


Innate Abilities, Weirdness & Mutations

You cannot wear most types of armour.
You are very stealthy in the water. (Stealth+)
((You are amphibious.))
You can wear up to eight rings at the same time.
((You can use your tentacles to constrict eight enemies at once.))
((Your skin changes colour to match your surroundings (Stealth+).))
((Your rubbery body absorbs attacks. (AC +1, EV +1)))


Message History

Crazy Yiuf is moderately wounded.
Your transformation is almost over.
Crazy Yiuf hits you with a +2 quarterstaff of chaos!
* * * LOW HITPOINT WARNING * * *
Crazy Yiuf freezes you.
* * * LOW HITPOINT WARNING * * *
Your limbs are stiffening.
Unknown command.
You barely miss Crazy Yiuf.
Crazy Yiuf is moderately wounded.
Crazy Yiuf completely misses you.
Crazy Yiuf glowers.
Crazy Yiuf barely misses you.
You have turned to stone.
Crazy Yiuf hits you with a +2 quarterstaff of chaos!
* * * LOW HITPOINT WARNING * * *
Crazy Yiuf burns you.
* * * LOW HITPOINT WARNING * * *
Crazy Yiuf hits you but does no damage.
Crazy Yiuf hits you with a +2 quarterstaff of chaos.
You die...

...............#
...........#####
...........#
...........#
#####
...........#
#)..#
...........#
#...#
.########### ...
...........# #g#
##########.#
♣s♣♣ #.# ♣♣.♣
#.# ♣.♣♣ #.#
♣♣.♣ #.# ♣♣.♣♣
#.# ♣♣...♣ #.#
♣P...♣ #.#
##..##
#.####....#


You could see Crazy Yiuf (very poisoned).

Vanquished Creatures
  Jessica (D:2)
  3 adders (D:2)
  A worm (D:2)
  5 bats
  9 goblins
  7 hobgoblins
  6 jackals
  3 kobolds
  5 frilled lizards (D:2)
  3 rats (D:2)
43 creatures vanquished.

Notes
Turn   | Place    | Note
-------+----------+-------------------------------------------
     0 | D:1      | kae the Octopode Transmuter began the quest for the Orb.
     0 | D:1      | Reached XP level 1. HP: 13/13 MP: 3/3
   250 | D:1      | Reached XP level 2. HP: 11/18 MP: 3/5
   968 | D:2      | Reached XP level 3. HP: 16/23 MP: 4/6
   973 | D:2      | Learned a level 3 spell: Spider Form
  1253 | D:2      | Noticed Jessica
  1270 | D:2      | Killed Jessica
  1270 | D:2      | Reached XP level 4. HP: 16/28 MP: 7/7
  2217 | D:2      | Found a runed translucent door.
  2218 | D:2      | Noticed Crazy Yiuf
  2421 | D:2      | Slain by Crazy Yiuf

Illustrated notes

Levels and vault maps discovered:
D:1:      kilobyte_arrival_exit_the_forest, layout_basic, minmay_3d_cube
D:2:      minmay_skewed_foursquare, layout_basic, uniq_jessica,
          uniq_crazy_yiuf_cottage

Skill      XL: |  1  2  3  4 |
---------------+-------------+-----
Transmutations | 3 |  3.0
Fighting       | |  1.8
Dodging        | |  2.3
Unarmed Combat | |  3.8
Spellcasting   | |  2.4

Action                   |  1- 3 |  4- 6 || total
-------------------------+-------+-------++-------
Melee: Unarmed           |    46 |    47 ||    93
       Constrict         |    11 |    10 ||    21
       Kick              |     7 |     3 ||    10
       Tentacles         |     5 |     4 ||     9
       Punch             |     2 |       ||     2
 Cast: Beastly Appendage |    12 |    10 ||    22
       Spider Form       |       |     1 ||     1
  Use: Potion            |     2 |       ||     2
       Scroll            |     3 |       ||     3
 Stab: Sleeping          |     4 |     3 ||     7
Armor: Skin              |     3 |     5 ||     8
Dodge: Dodged            |    32 |    31 ||    63

Table legend: (Time is in decaauts)
 A = Elapsed time spent in this place.
 B = Non-inter-level travel time spent in this place.
 C = Inter-level travel time spent in this place.
 D = Time resting spent in this place.
 E = Time spent auto-exploring this place.
 F = Levels seen in this place.
 G = Mean time per level.
                   A        B        C        D        E       F      G
               +--------+--------+--------+--------+--------+-----+--------+
         Total |   2416 |   2383 |     33 |      0 |   2104 |   2 | 1208.0 |
       Dungeon |   2416 |   2383 |     33 |      0 |   2104 |   2 | 1208.0 |
               +--------+--------+--------+--------+--------+-----+--------+

Top non-repeatable levels by time:
     D:2: 1484 daAuts
     D:1: 932 daAuts
